 Dungeon Crawl Stone Soup version 0.21.1-1-g345015fe64 (webtiles) character file.

571 Peloso the Slasher (level 7, -4/60 HPs)
             Began as a Minotaur Fighter on July 19, 2018.
             Killed from afar by an orc wizard (10 damage)
             ... with a puff of flame
             ... on level 4 of the Dungeon.
             The game lasted 00:06:18 (2533 turns).

Peloso the Slasher (Minotaur Fighter)               Turns: 2533, Time: 00:06:18

Health: -4/60      AC: 11    Str: 21    XL:     7   Next: 11%
Magic:  6/6        EV:  6    Int:  5    God:
Gold:   168        SH: 12    Dex: 11    Spells: 6/6 levels left

rFire    . . .     SeeInvis .   a - +0 long sword
rCold    . . .     Gourm    .   c - +2 shield
rNeg     . . .     Faith    .   s - +0 chain mail
rPois    .         Spirit   .   (helmet restricted)
rElec    .         Reflect  .   (no cloak)
rCorr    .         Harm     .   (no gloves)
MR       .....                  n - +0 pair of boots
Stlth    ..........             (no amulet)
HPRegen  0.20/turn              u - ring of stealth
MPRegen  0.10/turn              (no ring)

@: no status effects
A: retaliatory headbutt, horns 2
a: no special abilities


You were on level 4 of the Dungeon.
You were hungry.

You visited 1 branch of the dungeon, and saw 4 of its levels.

You collected 168 gold pieces.

Inventory:

Hand Weapons
 a - a +0 long sword (weapon)
 r - a cursed -2 hand axe
Armour
 c - a +2 shield (worn)
 n - a +0 pair of boots (worn)
 s - a +0 chain mail (worn)
Jewellery
 u - a ring of stealth (left hand)
Scrolls
 b - a scroll of noise {unknown}
 e - 6 scrolls of identify {unknown}
 g - a scroll of fog {unknown}
 h - 2 scrolls of immolation {unknown}
 i - 2 scrolls of enchant armour {unknown}
 j - 3 scrolls of random uselessness {unknown}
 l - a scroll of enchant weapon {unknown}
 m - a scroll of teleportation {unknown}
 o - a scroll of remove curse {unknown}
Potions
 d - 2 potions of might
 k - a potion of lignification {unknown}
 p - 2 potions of invisibility {unknown}
 q - a potion of flight {unknown}
 t - a potion of cancellation {unknown}
 v - a potion of heal wounds
 w - a potion of haste {unknown}
Comestibles
 f - 4 rations


   Skills:
 + Level 4.7 Fighting
 + Level 6.2 Long Blades
 + Level 5.5 Armour
 + Level 1.4 Dodging
 + Level 0.1 Stealth
 + Level 5.5 Shields


You had 6 spell levels left.
You didn't know any spells.

Dungeon Overview and Level Annotations

Branches:
Dungeon (4/15)
 Temple: D:4-7

Altars:
Gozag
Wu Jian


Innate Abilities, Weirdness & Mutations

You reflexively headbutt those who attack you in melee.
You have a pair of horns on your head.


Message History

You slash the orc priest!
You kill the orc priest!
You hit the orc but do no damage. You headbutt the orc.
The orc is almost dead.
The orc hits you with a war axe.
* * * LOW HITPOINT WARNING * * *
The orc wizard looks satisfied for a moment.
You slash the orc!
You kill the orc!
An ogre comes into view. It is wielding a giant spiked club.
Your shield and chain mail prevent you from hitting the orc.
You block the orc's attack. The orc barely misses you.
You riposte.
You closely miss the orc. You barely miss the orc.
The orc wizard miscasts a cantrip.
You block the orc's attack.
There is an opulent altar of Gozag here.
The orc wizard casts a spell at you. The puff of flame hits you!
You die...

#)# ###o### #.....#
(......
#.#o###........#
#..o..#........#
###.#.#........#
#.....#........#
###.###........###+##
#...@.....#..........
#........>#......†...
#.........#..........
#.........#..........
#.........#......#.#.
##......###[...(.#...
#...............#...
##..........)....#...
#....................


You could see an orc wizard and 2 orcs.

Vanquished Creatures
  Purgy (D:4)
  A sky beast (D:3)
  3 orc priests
  An orc wizard (D:4)
  Jessica (D:3)
  A worker ant (D:4)
  Terence (D:3)
  3 gnolls (D:4)
  6 adders
  An ooze (D:3)
  2 adder skeletons (D:4)
  An adder zombie (D:3)
  2 worms
  A dart slug (D:4)
  A leopard gecko (D:4)
  9 orcs
  A giant cockroach (D:3)
  9 goblins
  11 hobgoblins
  5 jackals (D:3)
  4 quokkas
  3 bats
  A frilled lizard (D:3)
  12 kobolds
  A quokka zombie (D:3)
  7 rats
89 creatures vanquished.

Notes
Turn   | Place    | Note
-------+----------+-------------------------------------------
     0 | D:1      | Peloso the Minotaur Fighter began the quest for the Orb.
     0 | D:1      | Reached XP level 1. HP: 19/19 MP: 0/0
   164 | D:1      | Reached XP level 2. HP: 20/27 MP: 1/1
   784 | D:2      | Reached XP level 3. HP: 30/33 MP: 2/2
  1026 | D:2      | Reached skill level 3 in Long Blades
  1300 | D:2      | Found an ornate altar of the Wu Jian Council.
  1431 | D:3      | Reached XP level 4. HP: 39/40 MP: 3/3
  1466 | D:3      | Noticed Jessica
  1478 | D:3      | Killed Jessica
  1556 | D:3      | Noticed Terence
  1569 | D:3      | Killed Terence
  1569 | D:3      | Reached skill level 4 in Long Blades
  1569 | D:3      | Reached XP level 5. HP: 23/46 MP: 4/4
  1748 | D:3      | Reached skill level 5 in Armour
  1771 | D:3      | Reached skill level 1 in Dodging
  1795 | D:3      | Noticed a sky beast
  1813 | D:3      | Killed a sky beast
  1813 | D:3      | Reached skill level 5 in Long Blades
  1813 | D:3      | Reached skill level 5 in Shields
  1813 | D:3      | Reached XP level 6. HP: 8/53 MP: 5/5
  2369 | D:4      | Noticed Purgy
  2379 | D:4      | Killed Purgy
  2454 | D:4      | Reached skill level 6 in Long Blades
  2471 | D:4      | Found an opulent altar of Gozag.
  2506 | D:4      | Reached XP level 7. HP: 44/60 MP: 6/6
  2533 | D:4      | Killed from afar by an orc wizard

Skill      XL: |  1  2  3  4  5  6 |
---------------+-------------------+-----
Armour         | 4 5 |  5.5
Shields        | 4 5 |  5.5
Fighting       | 4 |  4.7
Long Blades    | 3 4 5 6 |  6.2
Dodging        | 1 |  1.4
Stealth        | |  0.1

Action                   |  1- 3 |  4- 6 |  7- 9 || total
-------------------------+-------+-------+-------++-------
Melee: Long sword        |   118 |   144 |    20 ||   282
       Headbutt          |    16 |    31 |     3 ||    50
  Eat: Chunk             |     2 |     3 |       ||     5
Armor: Scale mail        |    50 |    19 |       ||    69
       Chain mail        |       |    56 |     4 ||    60
Dodge: Dodged            |    25 |    39 |     2 ||    66
Block: Shield            |    67 |    83 |     4 ||   154
       Rpst.: Long sword |     6 |     9 |     1 ||    16
